AoeStats
← 吹尽凡尘心

Arena

507121228Analyzed
4v4 RM · 17d ago on Sep 16, 2026· 37m 37s· 8 players
Game mode
Random Map
Map size
Large (8 player)
Population
200
Speed
Normal
Resources
Standard
Victory
Conquest
Starting age
Dark Age
Ending age
Imperial Age
RankedLock teamsTeams togetherTeam positionsShared explorationLock speedFull tech treeHidden civsTurbo modeCheats
Victory
Defeat
🇹🇼 Bulgarians · Taiwan
1503
+14
🇯🇵 Spanish · Japan
1451
+16
🇨🇳 Persians · China
1446
+16
🇺🇸 Byzantines · United States
1432
+18
🇨🇿 Cumans · Czechia
1483
-17
🇲🇽 Spanish · Mexico
1472
-17
🇨🇿 Romans · Czechia
1453
-16
🇩🇪 Poles · Germany
1401
-14
Redwood MC9
9:11 Loom
11:50 Feudal Age
15:56 Castle Age
14:36 Double-Bit Axe
14:32 Horse Collar
14:44 Gold Mining
14:47 Stone Mining
22:50 Imperial Age
21:20 Fletching
23:06 Bodkin Arrow
25:02 Conscription
26:28 Bow Saw
32:10 Padded Archer Armor
33:34 Leather Archer Armor
37:38 Bloodlines
Rakosnik
10:40 Feudal Age
12:00 Double-Bit Axe
12:16 Horse Collar
15:02 Castle Age
16:26 Bow Saw
17:25 Wheelbarrow
18:42 Heavy Plow
19:06 Town Watch
20:20 Loom
23:31 Hand Cart
24:11 Gold Mining
28:17 Imperial Age
26:55 Ballistics
26:52 Scale Mail Armor
28:15 Masonry
28:20 Heavy Scorpion
30:03 Chemistry
28:48 Pikeman
29:29 Squires
30:00 Siege Engineers
32:12 Murder Holes
33:53 Fletching
34:48 Bodkin Arrow
Tony Beber
11:18 Feudal Age
15:34 Castle Age
14:34 Double-Bit Axe
14:31 Horse Collar
22:08 Bow Saw
21:59 Heavy Plow
22:39 Wheelbarrow
26:13 Imperial Age
24:15 Gold Mining
24:26 Husbandry
24:37 Bloodlines
25:54 Szlachta Privileges
26:07 Scale Barding Armor
26:29 Cavalier
28:20 Forging
30:06 Chain Barding Armor
34:39 Light Cavalry
FilmDirector
8:39 Feudal Age
9:39 Double-Bit Axe
12:28 Loom
13:57 Horse Collar
20:13 Castle Age
18:54 Gold Mining
19:56 Scale Barding Armor
20:01 Forging
20:33 Bloodlines
22:04 Iron Casting
21:45 Bow Saw
23:18 Chain Barding Armor
24:17 Fletching
24:27 Padded Archer Armor
24:12 Elite Skirmisher
25:49 Bodkin Arrow
26:09 Leather Archer Armor
PaRappa56
10:22 Feudal Age
14:07 Castle Age
12:53 Double-Bit Axe
13:12 Loom
16:05 Horse Collar
22:09 Fletching
27:12 Imperial Age
25:03 Gold Mining
25:16 Stone Mining
26:11 Bodkin Arrow
27:44 Padded Archer Armor
28:16 Bracer
28:05 Crossbowman
28:06 Elite Skirmisher
28:50 Padded Archer Armor
33:10 Ballistics
34:48 Leather Archer Armor
33:58 Pikeman
DeepLin
11:11 Feudal Age
12:33 Loom
15:11 Castle Age
13:21 Double-Bit Axe
13:37 Horse Collar
16:14 Bow Saw
16:26 Heavy Plow
21:15 Wheelbarrow
25:13 Scale Mail Armor
25:23 Forging
28:13 Imperial Age
26:36 Squires
26:22 Gambesons
26:54 Chain Mail Armor
27:14 Iron Casting
27:21 Hand Cart
28:26 Iron Casting
27:51 Gold Mining
28:30 Capped Ram
29:45 Plate Mail Armor
30:09 Siege Ram
31:20 Pikeman
33:38 Town Watch
34:55 Blast Furnace
33:47 Stone Mining
34:33 Gold Shaft Mining
34:24 Masonry
34:59 Halberdier
35:25 Arson
吹尽凡尘心
12:07 Feudal Age
12:57 Double-Bit Axe
12:54 Horse Collar
15:39 Castle Age
20:59 Gold Mining
21:49 Bow Saw
24:13 Gold Shaft Mining
28:34 Imperial Age
26:20 Bloodlines
26:10 Husbandry
26:21 Scale Barding Armor
26:31 Husbandry
27:20 Forging
27:42 Chain Barding Armor
28:12 Heavy Plow
28:34 Stone Mining
28:18 Cavalier
29:52 Plate Barding Armor
29:22 Loom
30:12 Wheelbarrow
32:14 Iron Casting
32:22 Savar
36:10 Blast Furnace
35:11 Scale Mail Armor
36:19 Two-Man Saw
36:15 Conscription
36:24 Heavy Camel Rider
勇敢牛牛
10:52 Feudal Age
11:41 Double-Bit Axe
11:51 Double-Bit Axe
14:30 Castle Age
13:49 Double-Bit Axe
15:22 Bow Saw
16:57 Loom
18:30 Gold Mining
18:57 Padded Archer Armor
22:50 Bloodlines
25:19 Leather Archer Armor
25:09 Husbandry
35:36 Imperial Age
34:08 Wheelbarrow
35:34 Stone Mining
36:22 Hand Cart
35:53 Loom
37:25 Horse Collar
38:20 Conscription
Connection lost

Rejoining the realm…

Still unreachable

The connection could not be restored.

Session expired

The server has moved on; the page needs a fresh start.